 Dungeon Crawl Stone Soup version 0.30.1-3-gfc49f6343a (webtiles) character file.

Game seed: 1654975673673972599

312 Heoruswealwe the Covered (level 5, -9/46 HPs)
             Began as a Demigod Fighter on July 24, 2023.
             Mangled by a gnoll sergeant
             ... wielding a +4 trident of protection
              (14 damage)
             ... on level 5 of the Dungeon.
             The game lasted 00:25:59 (2723 turns).

Heoruswealwe the Covered (Demigod Fighter)          Turns: 2723, Time: 00:26:00

Health: -9/46      AC: 10    Str: 21    XL:     5   Next: 97%
Magic:  7/7        EV:  8    Int: 13    God:
Gold:   147        SH:  0    Dex: 13    Spells: 4/4 levels left

rFire   . . .        x - +4 great mace "Ciedghof" {freeze, Will+ Int+3}
rCold   . . .        (shield currently unavailable)
rNeg    . . .        c - +0 chain mail
rPois   .            (no helmet)
rElec   .            (no cloak)
rCorr   .            f - +0 pair of gloves
SInv    .            (no boots)
Will    +....        (no amulet) Stlth
                     (no ring)
HPRegen 0.27/turn    (no ring)
MPRegen 0.10/turn

%: no passive effects
@: no status effects
A: high MP 1, forlorn, divine attributes
a: no special abilities


You were on level 5 of the Dungeon.
You visited 1 branch of the dungeon, and saw 5 of its levels.

You collected 147 gold pieces.

Inventory:

Hand Weapons
 a - a +0 war axe
 x - the +4 great mace "Ciedghof" (weapon) {freeze, Will+ Int+3}
   (You found it on level 4 of the Dungeon)

   Int:       It affects your intelligence (+3).
   Will:      It increases your willpower.
Armour
 c - a +0 chain mail (worn)
 d - a +0 buckler
 f - a +0 pair of gloves (worn)
Wands
 p - a wand of flame (20)
Scrolls
 g - 4 scrolls of identify {unknown}
 j - 3 scrolls of enchant weapon {unknown}
 k - 3 scrolls of teleportation {unknown}
 l - a scroll of immolation {unknown}
 n - a scroll of enchant armour {unknown}
 o - 2 scrolls of fear {unknown}
 q - a scroll of torment {unknown}
 s - a scroll of noise {unknown}
 t - a scroll of magic mapping {unknown}
 w - a scroll of blinking {unknown}
Potions
 b - 2 potions of might
 h - 2 potions of lignification {unknown}
 i - 3 potions of heal wounds {unknown}
 m - a potion of attraction {unknown}
 r - a potion of cancellation {unknown}
 u - a potion of brilliance {unknown}
 v - a potion of resistance {unknown}


   Skills:
 + Level 3.9 Fighting
 + Level 3.3 Axes
 + Level 3.9 Armour
 + Level 3.9 Shields


You had 4 spell levels left.
You didn't know any spells.
Your spell library contained the following spells:

 Spells                   Type           Power      Damage    Failure   Level
 Beastly Appendage        Tmut           0%         N/A       91%         1
 Ensorcelled Hibernation  Hex/Ice        0%         N/A       97%         2
 Passwall                 Tmut/Erth      0%         N/A       97%         2
 Wereblood                Tmut           0%         N/A       97%         2
 Spider Form              Tmut/Pois      0%         N/A       99%         3
 Swiftness                Air            0%         N/A       99%         3


Dungeon Overview and Level Annotations

Branches:
Dungeon (5/15)
 Temple: D:4-7


Innate Abilities, Weirdness & Mutations

You have an increased reservoir of magic. (+10% MP)
You shall have no god before yourself.
Your divine heritage dramatically boosts your attributes as you level up.


Message History

A gnoll comes into view. It is wielding a +0 club.
The scorpion stings you but does no damage.
The hound bites you but does no damage.
The gnoll moves out of view.
A gnoll sergeant comes into view.
It is wielding a +4 trident of protection.
You closely miss the scorpion.
The scorpion is heavily wounded.
You feel very sick.
The gnoll sergeant shouts!
You hear a shout!
The scorpion stings you but does no damage.
The hound bites you but does no damage. The scorpion stings you.
The hound bites you but does no damage.
You thump the scorpion! You freeze the scorpion.
You kill the scorpion!
You feel sick. The hound bites you but does no damage.
The hound closely misses you. The gnoll hits you but does no damage.
The hound closely misses you.
You sock the hound! You freeze the hound.
You kill the hound!
You feel sick. The gnoll hits you but does no damage.
The gnoll hits you with a +0 club.
You bludgeon the gnoll!! You freeze the gnoll.
You kill the gnoll!
You feel sick.
You feel sick.
You are no longer poisoned.
A gnoll comes into view. It is wielding a +0 whip.
The gnoll sergeant hits you with a +4 trident of protection!
You closely miss the gnoll sergeant.
The gnoll shouts!
The gnoll sergeant hits you with a +4 trident of protection.
* * * LOW HITPOINT WARNING * * *
You feel better.
The gnoll sergeant hits you with a +4 trident of protection.
* * * LOW HITPOINT WARNING * * *
You barely miss the gnoll sergeant. The gnoll closely misses you.
The gnoll sergeant hits you with a +4 trident of protection!
* * * LOW HITPOINT WARNING * * *
You barely miss the gnoll sergeant. The gnoll barely misses you.
The gnoll sergeant hits you with a +4 trident of protection!
You die...

.#....#.#
........#
#......# #
#......#!#
#.#....#.
#.#...>.
#.#..).#
#.####g#.#
#....@g..#
#<.....#.#
##########


You could see a gnoll sergeant and a gnoll.

Vanquished Creatures
  A scorpion (D:5)
  A hound (D:5)
  2 orc priests (D:3)
  Jessica (D:2)
  5 gnolls
  An adder (D:4)
  3 worms
  5 dart slugs
  5 orcs (D:3)
  4 ball pythons
  2 bats (D:1)
  7 endoplasms
  3 giant cockroaches
  5 goblins
  8 hobgoblins
  4 jackals (D:1)
  8 kobolds
  2 rats
67 creatures vanquished.

Notes
Turn   | Place    | Note
-------+----------+-------------------------------------------
     0 | D:1      | Heoruswealwe the Demigod Fighter began the quest for the
                  | Orb.
     0 | D:1      | Reached XP level 1. HP: 18/18 MP: 3/3
   161 | D:1      | Reached XP level 2. HP: 17/25 MP: 4/4
   755 | D:2      | Noticed Jessica
   759 | D:2      | Killed Jessica
   760 | D:2      | Reached XP level 3. HP: 19/31 MP: 5/5
  1263 | D:2      | Identified the +3 leather armour "Ugepaesi" {Harm +Inv}
  1458 | D:3      | Reached XP level 4. HP: 34/38 MP: 6/6
  2171 | D:3      | Reached XP level 5. HP: 7/45 MP: 7/7
  2541 | D:4      | Identified the +4 great mace "Ciedghof" {freeze, Will+
                  | Int+3}
  2705 | D:5      | Entered Level 5 of the Dungeon
  2723 | D:5      | Mangled by a gnoll sergeant

Illustrated notes

Levels and vault maps discovered:
D:1:      ncdulo_lavacross, layout_loops_cross,
          shapermc_ecumenical_altar_notcrosses
D:2:      layout_loops_ring, serial_glass, glass_columns_b, glass_columns_b,
          glass_columns_b, glass_columns_c, glass_columns_a, glass_columns_c,
          glass_columns_b, glass_columns_b, due_unseen_surprise,
          item_on_display_a, feat_on_display, uniq_jessica
D:3:      minmay_evil_eye, layout_loops_ring, kennysheep_ying_yang,
          serial_bayou, serial_bayou_lagoon_a, serial_bayou_pond_a,
          serial_bayou_pond_d, serial_bayou_shore_b, minmay_surrounded
D:4:      layout_rooms, grunt_temple_overflow_open
D:5:      minmay_chambers_of_fours, layout_basic, dk_noncrumbling_4,
          nicolae_eternal_life, serial_bayou_ford_a, guppyfry_early_orc_mine

Skill      XL: |  1  2  3  4  5 |
---------------+----------------+-----
Axes           | 2 3 |  3.3
Armour         | 3 |  3.9
Fighting       | 3 |  3.9
Shields        | 3 |  3.9

Action                     |  1- 3 |  4- 6 || total
---------------------------+-------+-------++-------
  Melee: War axe           |   103 |   130 ||   233
         Great mace        |       |     9 ||     9
    Use: Potion            |       |     3 ||     3
 Armour: Scale mail        |    49 |     4 ||    53
         Chain mail        |       |    41 ||    41
  Dodge: Dodged            |    33 |    34 ||    67
  Block: Buckler           |    25 |    11 ||    36
